[Event "Titled Tuesday Blitz November 08 Early 2022"]
[White "Ilkhomi, Jaloliddin"]
[Black "Sibilio, Mario"]
[WhiteFideId "14700948"]
[BlackFideId "800422"]
[WhiteElo "2045"]
[BlackElo "2251"]
[Result "0-1"]
[Round "04"]
[TimeControl "180+1"]
[Date "2022.11.09"]
[WhiteClock "0:00:07"]
[BlackClock "0:00:05"]

1. d4 d6 2. Nf3 g6 3. Bg5 Bg7 4. c3 Nf6 5. Nbd2 Nbd7 6. e4 e5 7. Bd3 h6 8. Bh4 g5 9. Bg3 exd4 10. cxd4 Nh5 11. Qe2 O-O 12. O-O-O Nxg3 13. hxg3 c5 14. e5 g4 15. Qe4 f5 16. Qd5+ Kh8 17. Nh4 Qg5 18. Qxd6 cxd4 19. Ng6+ Kh7 20. Nxf8+ Nxf8 21. Kb1 Be6 22. Qxd4 Rd8 23. Qc3 Rc8 24. Qb4 Nd7 25. Nc4 Bxc4 26. Bxc4 Nxe5 27. Be6 Rc6 28. Rd6 a5 29. Qd4 Nf7 30. Bxf7 Bxd4 31. Rxd4 Qf6 32. Rd7 Rd6 33. Rxb7 Rb6 34. Rxb6 Qxb6 35. Bc4 Qxf2 36. Rc1 Qxg3 37. a4 h5 38. Rc3 Qxg2 39. Bd3 Kg6 40. Rc5 Qg1+ 41. Rc1 Qe3 42. Rc6+ Kg5 43. Bc2 g3 44. Rc3 Qxc3 45. bxc3 g2 46. Kb2 g1=Q 47. Bd3 Qb6+ 48. Bb5 Qc5 49. Kb3 h4 50. c4 h3 51. Kc3 h2 52. Kd3 h1=Q 53. Bc6 Qhxc6 54. Kd2 Qe4 55. Kd1 Qf2 56. Kc1 Qee1# 0-1


[Site "https://www.chess.com"]

[Event "Titled Tuesday Blitz November 08 Early 2022"]
[White "Izuzquiza Gonzalez, Javier"]
[Black "Flis, Pawel"]
[WhiteFideId "3101029"]
[BlackFideId "1112864"]
[WhiteElo "2034"]
[BlackElo "1817"]
[Result "1-0"]
[Round "04"]
[TimeControl "180+1"]
[Date "2022.11.09"]
[WhiteClock "0:00:10"]
[BlackClock "0:00:01"]

1. d4 c5 2. d5 Nf6 3. c4 b5 4. Nf3 bxc4 5. Nc3 e6 6. e4 d6 7. Bxc4 exd5 8. Nxd5 Bb7 9. Bg5 Be7 10. Nxe7 Qxe7 11. O-O O-O 12. Re1 h6 13. Bh4 Nbd7 14. Qb3 Rab8 15. Qa3 g5 16. Bg3 Nxe4 17. Nd2 Ndf6 18. f3 d5 19. Bd3 Rbe8 20. fxe4 dxe4 21. Bb5 Rd8 22. Nc4 Bd5 23. Ne5 Nh5 24. Nc6 Qb7 25. Nxd8 Qxb5 26. Rad1 Rxd8 27. Rxe4 Nxg3 28. Qxg3 Qxb2 29. Qe5 Qxe5 30. Rxe5 Kg7 31. Rexd5 Rb8 32. Rxc5 Rb2 33. a4 Ra2 34. a5 Kg6 35. Rd7 a6 36. h3 h5 37. Rc6+ Kg7 38. Rxa6 g4 39. hxg4 hxg4 40. Kh2 Ra3 41. Raa7 g3+ 42. Kh3 Kg6 43. Rxf7 Kg5 44. Rg7+ Kf5 45. Raf7+ 1-0


[Site "https://www.chess.com"]

[Event "Titled Tuesday Blitz November 08 Early 2022"]
[White "Janaszak, Dawid"]
[Black "Fier, Alexandr"]
[WhiteFideId "1119206"]
[BlackFideId "2107139"]
[WhiteElo "2549"]
[BlackElo "2798"]
[Result "0-1"]
[Round "04"]
[TimeControl "180+1"]
[Date "2022.11.09"]
[WhiteClock "0:00:01"]
[BlackClock "0:01:04"]

1. d4 Nf6 2. Bf4 c5 3. e3 Nd5 4. Bg3 Qb6 5. b3 cxd4 6. exd4 g6 7. Nf3 d6 8. Bc4 Bg7 9. O-O Nf6 10. Re1 e6 11. Nc3 O-O 12. Qd2 a6 13. a4 Qc7 14. Bf1 b6 15. Ne4 Nxe4 16. Rxe4 Bb7 17. Rf4 Nd7 18. Ne1 Bh6 19. Qd3 Bxf4 20. Bxf4 Rac8 21. c4 e5 22. Bh6 Rfe8 23. Nc2 exd4 24. Qxd4 f6 25. Ne3 Qc5 26. Qb2 Qe5 27. Qc1 Nc5 28. Rb1 Ne4 29. Ng4 Qh5 30. f3 Re6 31. Qf4 f5 32. Ne3 g5 33. Qxf5 Rxh6 34. Ng4 Rf8 35. Nxh6+ Qxh6 36. Qd7 Nc5 37. Qc7 Qg6 38. Re1 d5 39. Re7 Bc8 40. cxd5 g4 41. f4 g3 42. h3 Nd7 43. Bc4 Qb1+ 44. Bf1 Nf6 45. d6 Bf5 46. Rg7+ Kh8 47. Qe7 Nd7 48. Rf7 Rxf7 49. Qxf7 Qe4 50. Kh1 Qe1 0-1


[Site "https://www.chess.com"]

[Event "Titled Tuesday Blitz November 08 Early 2022"]
[White "Jaskolka, Tomasz"]
[Black "Martin, Lewis"]
[WhiteFideId "1170791"]
[BlackFideId "410551"]
[WhiteElo "2126"]
[BlackElo "2145"]
[Result "1/2-1/2"]
[Round "04"]
[TimeControl "180+1"]
[Date "2022.11.09"]
[WhiteClock "0:00:14"]
[BlackClock "0:00:21"]

1. e4 c5 2. Nf3 d6 3. Bb5+ Bd7 4. Bxd7+ Qxd7 5. d4 cxd4 6. Nxd4 Nf6 7. Nc3 g6 8. O-O Bg7 9. h3 O-O 10. Be3 a6 11. Qd2 Nc6 12. a3 Rac8 13. Rad1 Ne5 14. Qe2 Nc4 15. Bc1 Nxa3 16. Nd5 Nxd5 17. exd5 Nc4 18. Rfe1 Rfe8 19. b3 Nb6 20. c4 Qc7 21. Qe4 Nd7 22. Bg5 Nf6 23. Qf3 b5 24. Nc6 bxc4 25. bxc4 h6 26. Nxe7+ Rxe7 27. Bxf6 Rxe1+ 28. Rxe1 Qxc4 29. Re7 Rf8 30. Rd7 Bxf6 31. Qxf6 Qxd5 32. Rxd6 Qg5 33. Qxg5 hxg5 34. Rxa6 Kg7 35. Kh2 Re8 36. Kg3 Re5 37. f3 Rf5 38. Kg4 Re5 39. Rd6 Rf5 40. Rd4 Re5 41. Ra4 Rf5 42. Re4 Rd5 43. Re7 Rf5 44. Kg3 Rd5 45. Kf2 Rf5 46. Ke3 Rd5 47. Ke4 Rf5 48. g3 Ra5 49. Re5 Ra4+ 50. Ke3 Kf6 51. Rb5 Ra3+ 52. Ke4 Ra4+ 53. Ke3 Ra3+ 54. Ke4 Ra4+ 55. Kd5 Ra3 56. Rb6+ Kg7 57. Ke4 Ra4+ 58. Ke3 Ra3+ 59. Ke4 Ra4+ 60. Ke5 Ra3 61. Ke4 1/2-1/2


[Site "https://www.chess.com"]

[Event "Titled Tuesday Blitz November 08 Early 2022"]
[White "Jean Louis, Marckens"]
[Black "Goltsev, Dmitry"]
[WhiteFideId "11900270"]
[BlackFideId "24176710"]
[WhiteElo "2030"]
[BlackElo "2289"]
[Result "1-0"]
[Round "04"]
[TimeControl "180+1"]
[Date "2022.11.09"]
[WhiteClock "0:00:43"]
[BlackClock "0:00:14"]

1. d4 e6 2. Nf3 Nf6 3. g3 d5 4. Bg2 c5 5. O-O Nc6 6. Bf4 cxd4 7. Nxd4 Bd6 8. Bxd6 Qxd6 9. c4 O-O 10. cxd5 exd5 11. Nc3 a6 12. e3 Ne5 13. Qb3 Be6 14. Rad1 Rfc8 15. Nxe6 fxe6 16. Ne2 Nc4 17. Nf4 Qe5 18. Qxb7 Qd6 19. Bh3 Re8 20. Bxe6+ Kh8 21. Bxd5 Rab8 22. Qc6 Qxc6 23. Bxc6 Rec8 24. b3 Nxe3 25. fxe3 Rxc6 26. Nd5 Nxd5 27. Rxd5 h6 28. Rf2 Re8 29. Re2 Rce6 30. Rd3 Kh7 31. Kf2 Rf6+ 32. Ke1 Rfe6 33. Kd2 Rc8 34. e4 Kg6 35. Ke3 a5 36. Rd5 Ra8 37. h4 a4 38. h5+ Kh7 39. b4 a3 40. Rd3 Rae8 41. Kd4 Rd8+ 42. Kc3 Rde8 43. Rde3 Re5 44. Kb3 Rxh5 45. Kxa3 Rhe5 46. Kb3 g5 47. a4 h5 48. b5 Kh6 49. Kb4 h4 50. gxh4 gxh4 51. a5 Kg5 52. b6 Kf4 53. Rc3 Rb8 54. Rc5 Re7 55. Kb5 Kf3 56. Rh2 Kg3 57. Rb2 h3 58. a6 Rh7 59. Rc3+ Kf4 60. Rh2 Rh5+ 61. Rc5 Rh6 62. b7 Kg3 63. Rh1 Kg2 64. Rhc1 h2 65. Rc6 Rh5+ 66. Kb6 h1=Q 67. Rxh1 Rxh1 68. Ka7 Rhh8 69. Kb6 Rh7 70. Rc7 Rh6+ 71. Ka7 Rhh8 72. Kb6 Rh6+ 73. Rc6 Rh7 74. Rc8 Rh8 75. Rxb8 Rxb8 76. Ka7 Re8 77. b8=Q Re5 78. Qxe5 Kf3 79. Qb5 Kg2 80. e5 Kf2 81. e6 Ke3 82. e7 Kd2 83. e8=Q Kc1 84. Qbe2 Kb1 85. Q8b5+ Ka1 86. Qbb2# 1-0


[Site "https://www.chess.com"]

[Event "Titled Tuesday Blitz November 08 Early 2022"]
[White "Jegorovas, Aleksandras"]
[Black "Kis, Lorand Bela"]
[WhiteFideId "12801950"]
[BlackFideId "2024098"]
[WhiteElo "2247"]
[BlackElo "2085"]
[Result "1-0"]
[Round "04"]
[TimeControl "180+1"]
[Date "2022.11.09"]
[WhiteClock "0:00:05"]
[BlackClock "0:00:04"]

1. d4 Nf6 2. c4 g6 3. Nc3 Bg7 4. e4 d6 5. Nf3 O-O 6. Be2 e5 7. O-O Nc6 8. d5 Ne7 9. b4 Ne8 10. c5 h6 11. Nd2 f5 12. Nc4 Nf6 13. f3 f4 14. a4 g5 15. b5 Ng6 16. Ba3 Ne8 17. a5 dxc5 18. Bxc5 Rf7 19. b6 Bf8 20. Bf2 axb6 21. axb6 Rxa1 22. Qxa1 h5 23. Nb5 g4 24. Nxe5 g3 25. hxg3 fxg3 26. Bxg3 Rg7 27. Nxg6 Rxg6 28. Qe5 Rxb6 29. Qxh5 Ng7 30. Qh4 Bc5+ 31. Kh1 Qf8 32. f4 Nf5 33. exf5 Rh6 34. Bh5 Bxf5 35. Qg5+ Kh7 36. Bf2 Qf7 37. Kg1 Rxh5 38. Qg3 Bxf2+ 39. Kxf2 Be4 40. Nd4 Qxd5 41. Nf3 Qa2+ 42. Kg1 Qa7+ 43. Rf2 Qa1+ 44. Rf1 Qa7+ 45. Qf2 Qxf2+ 46. Kxf2 c5 47. Ng5+ Rxg5 48. fxg5 c4 49. Ke3 Bd3 50. Rc1 Kg6 51. Kd4 b5 52. Kc5 Kxg5 53. Kxb5 Kg4 54. Kb4 Kg3 55. Kc3 Kxg2 56. Re1 Kf3 57. Re7 Kf4 58. Rc7 Ke5 59. Rc5+ Kd6 60. Rg5 Ke6 61. Kd4 Kf6 62. Rc5 Ke6 63. Rc6+ Kf5 64. Rc8 Kf6 65. Rf8+ Ke7 66. Rh8 Ke6 67. Rh5 Kf6 68. Re5 Kf7 69. Ke3 Kf6 70. Kf4 Kf7 71. Rc5 Ke6 72. Rc6+ Kd7 73. Rc5 Kd6 74. Rc8 Ke6 75. Ke3 Kd6 76. Kd4 Ke6 77. Rh8 Kf5 78. Rf8+ Ke6 79. Rb8 Kf6 80. Rb5 Ke6 81. Rd5 Kf6 82. Re5 Kf7 83. Kd5 Kf6 84. Kd6 c3 85. Rc5 c2 86. Kd5 Bf5 87. Kd4 Kg5 88. Ke3 Kg4 89. Rc3 Kg5 90. Kf3 Bg6 91. Kg3 Bf5 92. Rc5 Kf6 93. Kf4 Bh7 94. Rc6+ Kg7 95. Kg5 Bd3 96. Rc7+ Kf8 97. Kf6 Ke8 98. Ke6 Kd8 99. Kd6 Ke8 100. Rc3 Bg6 101. Ke6 Kf8 102. Kf6 Bh7 103. Rc8# 1-0


[Site "https://www.chess.com"]

[Event "Titled Tuesday Blitz November 08 Early 2022"]
[White "Jiganchine, Roman"]
[Black "Tokhirjonova, Gulrukhbegim"]
[WhiteFideId "2603667"]
[BlackFideId "14203626"]
[WhiteElo "2352"]
[BlackElo "2236"]
[Result "0-1"]
[Round "04"]
[TimeControl "180+1"]
[Date "2022.11.09"]
[WhiteClock "0:00:01"]
[BlackClock "0:00:57"]

1. e4 e5 2. Nf3 Nc6 3. Nc3 Nf6 4. Bb5 Bb4 5. O-O O-O 6. Bxc6 dxc6 7. d3 Re8 8. Ne2 Nd7 9. Ng3 Nf8 10. Kh1 Bd6 11. a4 c5 12. a5 a6 13. Qe2 Ng6 14. Be3 Nf4 15. Qd2 Bg4 16. Ng1 Qd7 17. f3 Be6 18. N1e2 Ng6 19. f4 exf4 20. Nxf4 Nxf4 21. Bxf4 Qb5 22. b3 Rad8 23. Qf2 Qd7 24. Nh5 Bf8 25. Qg3 Bg4 26. Nf6+ gxf6 27. h3 h5 28. hxg4 Qxg4 29. Qxg4+ hxg4 30. Bxc7 Rc8 31. Bg3 Rc6 32. Rf4 f5 33. Rxf5 Rh6+ 34. Kg1 Bg7 35. Raf1 Bd4+ 36. Bf2 Rh7 37. Rg5+ Rg7 38. Rxg7+ Kxg7 39. Bxd4+ cxd4 40. Rf5 Rc8 41. Kf2 Rxc2+ 42. Kg3 Rc3 43. Kxg4 Rxb3 44. Rf3 Ra3 45. Kf5 Rxa5+ 46. e5 f6 47. Ke4 fxe5 48. Rf1 Rb5 49. g4 Kg6 50. Rf8 a5 51. Rg8+ Kf7 52. Ra8 b6 53. Kf5 Ke7 54. Ra7+ Kd6 55. Kf6 e4 56. dxe4 d3 57. Ra8 Kc7 58. e5 d2 0-1


[Site "https://www.chess.com"]

[Event "Titled Tuesday Blitz November 08 Early 2022"]
[White "Jobava, Baadur"]
[Black "Averjanov, Alexey"]
[WhiteFideId "13601520"]
[BlackFideId "14109867"]
[WhiteElo "2582"]
[BlackElo "2594"]
[Result "1-0"]
[Round "04"]
[TimeControl "180+1"]
[Date "2022.11.08"]
[WhiteClock "0:02:29"]
[BlackClock "0:02:08"]

1. b3 b6 2. Bb2 Bb7 3. c4 Nf6 4. Nf3 g6 5. d4 Bg7 6. e3 O-O 7. Nc3 d6 8. Be2 Nbd7 9. O-O e5 10. d5 a5 11. Nd2 Qe7 12. a3 Ne8 13. b4 f5 14. Nb3 axb4 15. axb4 Qd8 16. Rxa8 Qxa8 17. Qc2 Qb8 18. Ra1 Nef6 19. Nb5 c6 20. dxc6 Bxc6 21. Nc3 d5 22. cxd5 Nxd5 23. Nxd5 Bxd5 24. Rd1 Qb7 25. Rxd5 1-0


[Site "https://www.chess.com"]

[Event "Titled Tuesday Blitz November 08 Early 2022"]
[White "Jodorcovsky Werjivker, Paulo"]
[Black "Paszewski, Mateusz"]
[WhiteFideId "3700305"]
[BlackFideId "1141058"]
[WhiteElo "2120"]
[BlackElo "2263"]
[Result "1-0"]
[Round "04"]
[TimeControl "180+1"]
[Date "2022.11.09"]
[WhiteClock "0:00:06"]
[BlackClock "0:00:04"]

1. e4 c6 2. d4 d5 3. exd5 cxd5 4. Bd3 Nc6 5. c3 Qc7 6. Ne2 Bg4 7. O-O e6 8. Qe1 Nf6 9. f3 Bh5 10. Qh4 Rg8 11. Bg5 Bg6 12. Nf4 Bd6 13. Bxg6 hxg6 14. Nd3 O-O-O 15. Bf4 Ne7 16. Bxd6 Rxd6 17. Ne5 Nf5 18. Qf2 Rh8 19. Na3 a6 20. Nc2 Rdd8 21. Ne3 Nd7 22. N3g4 Nxe5 23. dxe5 Kb8 24. h3 g5 25. Rad1 Nh4 26. Rd4 Ng6 27. Re1 Nf4 28. Qc2 Rh7 29. Qxh7 Qb6 30. Qc2 Rc8 31. Qf2 Rh8 32. Rxf4 Qxf2+ 33. Kxf2 gxf4 34. Rd1 Kc7 35. Rd4 g5 36. Nf6 Kc6 37. a4 b5 38. Ke2 Rb8 39. a5 Rh8 40. Kd3 Kc5 41. Rb4 Kc6 42. Kd4 Rc8 43. b3 Rd8 44. Nh7 Rg8 45. c4 dxc4 46. bxc4 Rd8+ 47. Kc3 Rd1 48. cxb5+ axb5 49. Rb2 Ra1 50. Kb4 Ra4+ 51. Kb3 Rxa5 52. Nxg5 Kd5 53. Nxf7 Ra1 54. Rd2+ Kc5 55. Nd8 Rb1+ 56. Kc2 Re1 57. Nxe6+ Kb4 58. Rd4+ Ka3 59. Re4 Rg1 60. Nxf4 b4 61. Re3+ Ka2 62. Nd5 Rxg2+ 63. Kd3 b3 64. Nc3+ Ka3 65. Re4 b2 66. Ra4+ Kb3 67. Ra8 Rf2 68. Rb8+ Ka3 69. Nb1+ Ka2 70. Nd2 Rf1 71. Nxf1 b1=Q+ 72. Rxb1 1-0


[Site "https://www.chess.com"]

[Event "Titled Tuesday Blitz November 08 Early 2022"]
[White "Johnson, Ben"]
[Black "Avazkhonov, Alikhon"]
[WhiteFideId "2010917"]
[BlackFideId "14208504"]
[WhiteElo "2143"]
[BlackElo "1739"]
[Result "0-1"]
[Round "04"]
[TimeControl "180+1"]
[Date "2022.11.09"]
[WhiteClock "0:00:01"]
[BlackClock "0:00:05"]

1. Nf3 d5 2. e3 Nf6 3. c4 c6 4. Nc3 Bf5 5. cxd5 cxd5 6. Qb3 Qc7 7. Nxd5 Nxd5 8. Qxd5 e6 9. Bb5+ Nc6 10. Bxc6+ bxc6 11. Qc4 Qd6 12. O-O Bd3 13. Qc3 Bxf1 14. Kxf1 Qc5 15. Qb3 Qb5+ 16. Qxb5 cxb5 17. Nd4 a6 18. d3 Bd6 19. Bd2 Kd7 20. h3 Rhc8 21. a3 e5 22. Nf5 Rc2 23. Bc3 a5 24. e4 Bc5 25. Ne3 Bxe3 26. fxe3 f6 27. g4 Rc8 28. Bxa5 Rxb2 29. Bb4 Rcc2 30. d4 Rh2 31. Kg1 Rbg2+ 32. Kf1 Rc2 33. Kg1 Rxh3 34. dxe5 fxe5 35. Rf1 Rg3+ 36. Kh1 Rh3+ 37. Kg1 Rg3+ 38. Kh1 Rxg4 39. Rf7+ Ke6 40. Re7+ Kf6 41. Rb7 Rxe4 42. Rb6+ Kf5 43. Rxb5 Rxe3 44. Rb7 Ree2 45. Kg1 Rc1+ 46. Be1 Rcxe1# 0-1


[Site "https://www.chess.com"]

[Event "Titled Tuesday Blitz November 08 Early 2022"]
[White "Jones, Gawain C B"]
[Black "Wieczorek, Oskar"]
[WhiteFideId "409561"]
[BlackFideId "1133950"]
[WhiteElo "2657"]
[BlackElo "2404"]
[Result "0-1"]
[Round "04"]
[TimeControl "180+1"]
[Date "2022.11.08"]
[WhiteClock "0:00:02"]
[BlackClock "0:00:12"]

1. Nf3 Nf6 2. g3 g6 3. b3 Bg7 4. Bb2 O-O 5. Bg2 d5 6. c4 c6 7. O-O Bg4 8. Ne5 Be6 9. d4 Nbd7 10. Nc3 dxc4 11. Nxc4 Nd5 12. e4 Nxc3 13. Bxc3 Bxc4 14. bxc4 c5 15. Rc1 cxd4 16. Bxd4 Bxd4 17. Qxd4 b6 18. e5 Nc5 19. Qe3 Rc8 20. Rfd1 Qc7 21. h4 h5 22. Bh3 Rcd8 23. e6 f5 24. Qg5 Kh7 25. Rxd8 Qxd8 26. Re1 Qd6 27. Bg2 f4 28. Bd5 Rf5 29. Qxf5 gxf5 30. Kg2 Kg7 31. Kf3 Kf6 32. Re2 Nd3 33. Rd2 Ne5+ 34. Ke2 fxg3 35. fxg3 Qc5 36. Rc2 Ng4 37. Kd2 Qe3+ 38. Kd1 Nf2+ 0-1


[Site "https://www.chess.com"]

[Event "Titled Tuesday Blitz November 08 Early 2022"]
[White "Kaplan, Avi Harrison"]
[Black "Gabdrakhmanov, Azat"]
[WhiteFideId "30934559"]
[BlackFideId "34189197"]
[WhiteElo "1983"]
[BlackElo "2254"]
[Result "0-1"]
[Round "04"]
[TimeControl "180+1"]
[Date "2022.11.09"]
[WhiteClock "0:00:07"]
[BlackClock "0:00:22"]

1. d4 Nf6 2. c4 g6 3. Nc3 Bg7 4. e4 O-O 5. Nge2 d6 6. Ng3 a6 7. Be2 h5 8. Bg5 Nh7 9. Be3 e5 10. d5 Nd7 11. Qd2 h4 12. Nf1 f5 13. exf5 gxf5 14. f4 Nc5 15. O-O-O exf4 16. Bxf4 Qf6 17. Ne3 Bd7 18. Kb1 Ng5 19. Bxg5 Qxg5 20. g3 Rae8 21. Ng2 Qxd2 22. Rxd2 hxg3 23. hxg3 Bxc3 24. bxc3 Ne4 25. Rc2 Nxg3 26. Rg1 Nxe2 27. Rxe2 Rxe2 28. Nf4+ Kf7 29. Nxe2 Rh8 30. Nd4 Kf6 31. Kc2 c5 32. Ne2 Rh2 33. Kd3 Rh3+ 34. Kd2 Rh4 35. Kd3 f4 36. Ke4 Bf5+ 37. Kf3 Ke5 38. Rg8 Be4+ 39. Kf2 Rh2+ 40. Ke1 Bd3 41. Re8+ Kf5 42. Rf8+ Ke4 43. Nxf4 Bxc4 44. Ne6 Kxd5 45. Nd8 b5 46. Rf5+ Ke4 47. Rf8 Ke3 48. Re8+ Kd3 49. Nb7 Kxc3 50. Nxd6 Rxa2 51. Ne4+ Kb4 52. Kd1 Re2 53. Kc1 Bd3 54. Nd6 Rxe8 55. Nxe8 Kc3 56. Nd6 b4 57. Nb7 b3 58. Kd1 b2 59. Ke1 b1=Q+ 60. Kf2 Qf1+ 61. Ke3 Qe2+ 62. Kf4 Qe4+ 63. Kg3 Qxb7 64. Kf2 Qe4 65. Kg1 Qf3 66. Kh2 Qg4 67. Kh1 Be4+ 68. Kh2 Qg2# 0-1


[Site "https://www.chess.com"]

[Event "Titled Tuesday Blitz November 08 Early 2022"]
[White "Khamdamova, Afruza"]
[Black "Fernandez De La Vara, Arnaldo"]
[WhiteFideId "14210444"]
[BlackFideId "3518388"]
[WhiteElo "2018"]
[BlackElo "2387"]
[Result "1-0"]
[Round "04"]
[TimeControl "180+1"]
[Date "2022.11.09"]
[WhiteClock "0:00:03"]
[BlackClock "0:00:04"]

1. e4 c5 2. Nf3 e6 3. d4 cxd4 4. Nxd4 a6 5. c4 Nf6 6. Nc3 Qc7 7. a3 Nxe4 8. Nxe4 Qe5 9. f3 d5 10. cxd5 exd5 11. Qd3 Nd7 12. Be2 dxe4 13. Qxe4 Bc5 14. Qxe5+ Nxe5 15. Be3 O-O 16. Kf2 Re8 17. Rhd1 Bd7 18. Rac1 Rac8 19. b4 Ba7 20. Nc2 Bb8 21. Ne1 Ba4 22. Rxc8 Rxc8 23. Rd5 h6 24. Nd3 Nc4 25. Bc1 Ba7+ 26. Ke1 Ne3 27. Bxe3 Bxe3 28. Nc5 Bc6 29. Re5 Bd4 30. Rf5 Bb2 31. Bc4 Rc7 32. Nd3 Bxa3 33. Ra5 Bxb4+ 34. Nxb4 Bxf3 35. Bxf7+ Rxf7 36. gxf3 Rxf3 37. Rd5 Rb3 38. Nd3 Kh7 39. Rd7 b5 40. Nc5 Rb1+ 41. Kf2 a5 42. Ne6 Kg6 43. Nxg7 a4 44. Ne6 a3 45. Ra7 b4 46. Nd4 Kf6 47. Nc6 b3 48. Rxa3 b2 49. Rf3+ Kg7 50. Rg3+ Kh7 51. Rb3 Rh1 52. Rb7+ Kg6 53. Ne5+ Kh5 54. Rxb2 Rxh2+ 55. Kg3 Re2 56. Rxe2 1-0


[Site "https://www.chess.com"]

[Event "Titled Tuesday Blitz November 08 Early 2022"]
[White "Kirillov, Dmitry"]
[Black "Broca Jimenez, Fernando"]
[WhiteFideId "34180572"]
[BlackFideId "5104742"]
[WhiteElo "2095"]
[BlackElo "2062"]
[Result "1-0"]
[Round "04"]
[TimeControl "180+1"]
[Date "2022.11.09"]
[WhiteClock "0:00:09"]
[BlackClock "0:00:05"]

1. e4 c5 2. Nc3 g6 3. f4 Bg7 4. Nf3 Nc6 5. Bc4 e6 6. e5 d5 7. exd6 Qxd6 8. Ne4 Qe7 9. d3 Nf6 10. O-O O-O 11. Qe2 b6 12. Be3 Bb7 13. c3 Rfd8 14. Rfd1 Ng4 15. Bd2 Rd7 16. h3 Nf6 17. Nxf6+ Bxf6 18. Ne5 Nxe5 19. fxe5 Bg5 20. Be3 Bc6 21. a4 Rad8 22. Rf1 Kg7 23. Rf2 Rf8 24. Raf1 Bxa4 25. Rf6 Bxe3+ 26. Qxe3 Rdd8 27. R1f4 Bc6 28. Rh4 h5 29. Rxh5 Rh8 30. Rxh8 Rxh8 31. Qf4 Rf8 32. h4 Bd5 33. h5 Bxc4 34. Qxc4 Rh8 35. hxg6 fxg6 36. Qg4 Rh6 37. Rxe6 Qf7 38. Rf6 Qe8 39. Qf4 Rh8 40. e6 Rf8 41. Rxf8 Qxf8 42. Qc7+ Kf6 43. Qf4+ Ke7 44. Qe5 Qf6 45. Qc7+ Kxe6 46. Qxa7 Kf5 47. Qd7+ Kg5 48. Qc7 Qe6 49. Qg3+ Kf6 50. Qf3+ Kg7 51. Kf2 Qd5 52. Qxd5 1-0


[Site "https://www.chess.com"]

[Event "Titled Tuesday Blitz November 08 Early 2022"]
[White "Kollars, Dmitrij"]
[Black "Gokerkan, Cem Kaan"]
[WhiteFideId "12909572"]
[BlackFideId "6336760"]
[WhiteElo "2584"]
[BlackElo "2365"]
[Result "1-0"]
[Round "04"]
[TimeControl "180+1"]
[Date "2022.11.08"]
[WhiteClock "0:00:12"]
[BlackClock "0:00:02"]

1. c4 g6 2. g3 Bg7 3. Bg2 e5 4. Nc3 Nc6 5. e4 d6 6. Nge2 h5 7. h3 Be6 8. d3 Qd7 9. Nd5 O-O-O 10. b4 Nd4 11. Nxd4 exd4 12. Nf4 Kb8 13. a4 h4 14. g4 Bh6 15. g5 Bg7 16. a5 Ne7 17. b5 f5 18. a6 b6 19. exf5 Bxf5 20. Qf3 d5 21. cxd5 Nc8 22. d6 Rde8+ 23. Kd1 c6 24. bxc6 Qxd6 25. c7+ Kxc7 26. Qb7+ Kd8 27. Qxg7 Qb4 28. Qf6+ Re7 29. Qxh8+ Kd7 30. Be4 Qb3+ 31. Ke2 Bxe4 32. Qxd4+ Bd5+ 33. Be3 Qc2+ 34. Ke1 1-0


[Site "https://www.chess.com"]

[Event "Titled Tuesday Blitz November 08 Early 2022"]
[White "Korelskiy, Egor"]
[Black "Kovalev, Vladislav"]
[WhiteFideId "34329064"]
[BlackFideId "13504398"]
[WhiteElo "2573"]
[BlackElo "2828"]
[Result "0-1"]
[Round "04"]
[TimeControl "180+1"]
[Date "2022.11.09"]
[WhiteClock "0:00:02"]
[BlackClock "0:00:31"]

1. e4 e5 2. Nf3 Nc6 3. Bb5 a6 4. Ba4 d6 5. O-O Bd7 6. c3 Nf6 7. Re1 g6 8. d4 Bg7 9. h3 O-O 10. Nbd2 Re8 11. Bc2 b5 12. Nf1 a5 13. Ng3 a4 14. Be3 Na5 15. b3 Qc8 16. Qd2 c5 17. d5 Qc7 18. Rec1 Ra6 19. Qe2 Rea8 20. bxa4 bxa4 21. c4 Rb8 22. Rab1 Rab6 23. Bd2 Rb2 24. Bc3 Rxb1 25. Rxb1 Rxb1+ 26. Bxb1 Qb6 27. Bd3 Ne8 28. Qd2 Nb7 29. Ne1 Nc7 30. Qc2 Na6 31. a3 Na5 32. Ne2 Nb3 33. Nf3 Bh6 34. Ng3 Nd4 35. Bxd4 cxd4 36. Ne2 Nc5 37. Qd1 Qb2 38. Qb1 Qxa3 39. Bc2 d3 40. Qb8+ Bf8 41. Qxd6 0-1


[Site "https://www.chess.com"]

[Event "Titled Tuesday Blitz November 08 Early 2022"]
[White "Kosteniuk, Alexandra"]
[Black "Baches Garcia, Guillermo"]
[WhiteFideId "4128125"]
[BlackFideId "2209764"]
[WhiteElo "2469"]
[BlackElo "2449"]
[Result "0-1"]
[Round "04"]
[TimeControl "180+1"]
[Date "2022.11.09"]
[WhiteClock "0:00:42"]
[BlackClock "0:00:09"]

1. e4 c5 2. c3 d5 3. exd5 Qxd5 4. d4 Nc6 5. Nf3 Bg4 6. Be2 cxd4 7. cxd4 e6 8. h3 Bh5 9. Nc3 Qa5 10. O-O Bb4 11. d5 exd5 12. Nxd5 O-O-O 13. Bc4 Nf6 14. a3 Nxd5 15. axb4 Qxa1 16. Bxd5 Nxb4 17. Qb3 Rxd5 18. Qc4+ Kd7 19. Qxb4 Qa6 20. Re1 Re8 21. Be3 Bxf3 22. gxf3 Re6 23. Qf8 Rg6+ 24. Kh1 Qe6 25. Kh2 Qxh3+ 26. Kxh3 Rh5# 0-1


[Site "https://www.chess.com"]

[Event "Titled Tuesday Blitz November 08 Early 2022"]
[White "Kouskoutis, Georgios-Alexandros"]
[Black "Fernandez Guillen, Ernesto J."]
[WhiteFideId "4234049"]
[BlackFideId "3512428"]
[WhiteElo "2545"]
[BlackElo "2794"]
[Result "0-1"]
[Round "04"]
[TimeControl "180+1"]
[Date "2022.11.09"]
[WhiteClock "0:00:01"]
[BlackClock "0:00:38"]

1. Nf3 Nf6 2. g3 g6 3. Bg2 Bg7 4. O-O O-O 5. b3 d5 6. Bb2 b6 7. c4 Bb7 8. cxd5 Nxd5 9. Bxg7 Kxg7 10. d4 Nf6 11. Nc3 Nbd7 12. Rc1 c5 13. d5 Qc7 14. e4 Rad8 15. Qe2 a6 16. a4 e6 17. d6 Qb8 18. e5 Nd5 19. Nxd5 Bxd5 20. Nd2 Bxg2 21. Kxg2 Qb7+ 22. Qf3 Qd5 23. Qxd5 exd5 24. f4 Rfe8 25. Rfe1 Re6 26. Nf3 f6 27. Rcd1 d4 28. b4 fxe5 29. fxe5 a5 30. bxa5 bxa5 31. Rb1 h6 32. Rb7 g5 33. g4 Kg6 34. h4 gxh4 35. Nxh4+ Kg5 36. Kg3 d3 37. Nf3+ Kg6 38. Rb3 c4 39. Rc3 Nb6 40. Kf4 Nd5+ 0-1


[Site "https://www.chess.com"]

[Event "Titled Tuesday Blitz November 08 Early 2022"]
[White "Kozak, Antoni"]
[Black "Jarocka, Liwia"]
[WhiteFideId "21832030"]
[BlackFideId "21807558"]
[WhiteElo "2447"]
[BlackElo "1989"]
[Result "1-0"]
[Round "04"]
[TimeControl "180+1"]
[Date "2022.11.09"]
[WhiteClock "0:01:21"]
[BlackClock "0:00:47"]

1. d4 b6 2. Nf3 Bb7 3. g3 g6 4. Bg2 Bg7 5. O-O Nf6 6. c4 O-O 7. Nc3 d6 8. Qc2 c5 9. d5 a5 10. e4 Na6 11. Bf4 Re8 12. Rfe1 h5 13. e5 dxe5 14. Nxe5 Nb4 15. Qd2 Ng4 16. Rad1 Nxe5 17. Bxe5 Bxe5 18. Rxe5 Qd6 19. Re2 Rad8 20. a3 Na6 21. Ne4 Qb8 22. Rde1 b5 23. Qh6 Qe5 24. Nxc5 1-0


[Site "https://www.chess.com"]